 Dungeon Crawl Stone Soup version 0.28.0-45-g0d030f2227 (webtiles) character file.

Game seed: 9092428373588888862

207 pkoi the Ruffian (level 5, -3/44 HPs)
             Began as a Demigod Gladiator on Apr 15, 2022.
             Slain by a wight
             ... wielding a +0 battleaxe
              (13 damage)
             ... on level 2 of the Dungeon.
             The game lasted 00:03:19 (5251 turns).

pkoi the Ruffian (Demigod Gladiator)                Turns: 5251, Time: 00:03:20

Health: -3/44      AC:  8    Str: 19    XL:     5   Next: 29%
Magic:  7/7        EV: 11    Int: 10    God:
Gold:   44         SH:  0    Dex: 15    Spells: 4/4 levels left

rFire   . . .      SeeInvis .     - Unarmed
rCold   . . .      Faith    .   (no shield)
rNeg    . . .      Spirit   .   g - +0 scale mail
rPois   .          Reflect  .   b - +0 helmet
rElec   .          Harm     .   (no cloak)
rCorr   .          Rampage  .   j - +0 pair of gloves
Will    .....                   (no boots)
Stlth   ..........              (no amulet)
HPRegen 0.14/turn               (no ring)
MPRegen 0.10/turn               (no ring)

@: no status effects
A: high MP 1, forlorn, divine attributes
a: no special abilities


You were on level 2 of the Dungeon.
You visited 1 branch of the dungeon, and saw 3 of its levels.

You collected 44 gold pieces.

Inventory:

Hand Weapons
 e - a +0 dagger
 h - a +1 whip of draining
Missiles
 c - 5 throwing nets (quivered)
Armour
 a - a +0 leather armour
 b - a +0 helmet (worn)
 g - a +0 scale mail (worn)
 j - a +0 pair of gloves (worn)
Jewellery
 k - an amulet of the acrobat
Scrolls
 d - 2 scrolls of teleportation
Potions
 l - a potion of mutation {unknown}


   Skills:
 + Level 2.8 Fighting
 - Level 1.7 Throwing
 + Level 3.5 Dodging
 * Level 4.7 Unarmed Combat


You had 4 spell levels left.
You didn't know any spells.
Your spell library contained the following spells:

 Spells                   Type           Power      Damage    Failure   Level
 Ensorcelled Hibernation  Hex/Ice        0%         N/A       88%         2
 Spider Form              Tmut/Pois      0%         N/A       98%         3
 Anguish                  Hex/Necr       0%         N/A       100%        4


Dungeon Overview and Level Annotations

Branches:
Dungeon (3/15)

Shops:
D:3 (


Innate Abilities, Weirdness & Mutations

You have an increased reservoir of magic. (+10% MP)
You shall have no god before yourself.
Your divine heritage dramatically boosts your attributes as you level up.


Message History

Unknown command.
You pick up a book of Dreams and begin reading...
You add the spells Ensorcelled Hibernation, Spider Form and Anguish to your library.
Okay, then.
Unknown command.
Unknown command.
There is an open door here.
A ball python comes into view.
A ball python is nearby!
A ball python is nearby!
The ball python hisses angrily.
The ball python bites you but does no damage.
The ball python grabs you. The ball python constricts you.
The ball python bites you but does no damage.
The ball python constricts you.
You hit the ball python.
The ball python is severely wounded.
The ball python barely misses you. The ball python constricts you.
You punch the ball python!
You kill the ball python!
Found 28 sling bullets.
You open the door.
There is an open door here.
Found 14 arrows.
You see here a +0 leather armour.
There is a stone staircase leading up here.
The wight hits you with a +0 battleaxe!
* * * LOW HITPOINT WARNING * * *
You climb upwards.
There is a stone staircase leading down here.
You closely miss the wight. You punch the wight, but do no damage.
The wight barely misses you.
You barely miss the wight. You hit the wight but do no damage.
The wight hits you with a +0 battleaxe!
* * * LOW HITPOINT WARNING * * *
You barely miss the wight. The wight hits you with a +0 battleaxe!
* * * LOW HITPOINT WARNING * * *
You closely miss the wight. The wight barely misses you.
You barely miss the wight. The wight hits you with a +0 battleaxe!
You die...

###.## #.........#
##.....## .....#
#.#.#####.#
##...## ...).#
#.#.## #.# ##'##
.....# #....## #.#
#.# .....# #.....#
#.# #.# .....#
#.....###.# ##.##
##.### #.........#
##...## #.#
#..#####..#
#.....# #.# #..#
#@z# ##...#######
##.# ##.#
#..######..†......
...# #.#
#.........########
####
#.#####.#########
#.......#
#########


You could see a wight.

Vanquished Creatures
  A scorpion (D:3)
  An orc priest (D:1)
  An orc wizard (D:2)
  4 gnolls
  An adder (D:2)
  A dart slug (D:3)
  3 orcs
  4 endoplasms
  A giant cockroach (D:1)
  2 goblins
  3 hobgoblins
  2 jackals (D:3)
  3 kobolds
  3 quokkas
  5 ball pythons
  6 bats
  4 frilled lizards
  6 rats
51 creatures vanquished.

Notes
Turn   | Place    | Note
-------+----------+-------------------------------------------
     0 | D:1      | pkoi the Demigod Gladiator began the quest for the Orb.
     0 | D:1      | Reached XP level 1. HP: 17/17 MP: 3/3
   559 | D:1      | Reached skill level 3 in Unarmed Combat
  1154 | D:1      | Reached XP level 2. HP: 22/24 MP: 4/4
  2258 | D:1      | Reached XP level 3. HP: 3/29 MP: 5/5
  2665 | D:2      | Reached skill level 4 in Unarmed Combat
  2665 | D:2      | Reached XP level 4. HP: 14/36 MP: 6/6
  4519 | D:3      | Reached XP level 5. HP: 11/44 MP: 7/7
  5039 | D:3      | Found Nowisk's Antique Weapon Shoppe.
  5251 | D:2      | Slain by a wight

Illustrated notes

Levels and vault maps discovered:
D:1:      scummos_arrival_hexagon, layout_basic,
          hellmonk_ecumenical_altar_inner_sanctum, minmay_misc_feat_columns
D:2:      layout_loops_corners
D:3:      layout_basic, serial_shops, shop, roderic_serpentine_path

Skill      XL: |  1  2  3 |
---------------+----------+-----
Unarmed Combat | 3 4 |  4.7
Fighting       | 2 |  2.8
Dodging        | 3 |  3.5
Throwing       | |  1.7

Action                   |  1- 3 |  4- 6 || total
-------------------------+-------+-------++-------
Melee: Unarmed           |   100 |   105 ||   205
       Punch             |     2 |     5 ||     7
  Use: Scroll            |       |     3 ||     3
       Potion            |       |     1 ||     1
 Stab: Sleeping          |     1 |       ||     1
Armor: Leather armour    |     9 |       ||     9
       Scale mail        |    30 |    39 ||    69
Dodge: Dodged            |    32 |    68 ||   100
